 Dungeon Crawl Stone Soup version 0.20.1-1-g8b1a95d (webtiles) character file.

592292 Jannitor the Hoplite (level 27, 0/199 HPs)
             Began as a Halfling Hunter on Aug 16, 2017.
             Was the Champion of Dithmenos.
             Slain by a sphinx (9 damage)
             ... on level 5 of the Vaults on Aug 20, 2017.
             The game lasted 06:10:36 (88575 turns).

Jannitor the Hoplite (Halfling Hunter)             Turns: 88575, Time: 06:10:36

Health: 0/199      AC: 35    Str: 27    XL:     27
Magic:  43/43      EV: 26    Int:  7    God:    Dithmenos [******]
Gold:   2322       SH: 23    Dex: 23    Spells: 14/37 levels left

rFire    + + .     SeeInvis +   b - +12 scimitar of Blood {slice, +Blink rElec Str-5 SInv}
rCold    + + +     Gourm    .   t - +5 shield {reflect}
rNeg     . . .     Faith    .   C - +3 plate armour {rF+}
rPois    +         Spirit   .   S - +2 helmet of Mumblety Peg {rPois rF+ MR- rCorr}
rElec    +         Reflect  +   E - +2 cloak {MR+}
rCorr    +         Harm     .   G - +1 pair of gloves
MR       +++..                  D - +1 pair of boots of the Gardener {Str+3}
Stlth    ..........             r - amulet "Inladack" {rElec Regen+}
Regen    0.9/turn               Z - ring "Louraywn" {rC++ MP+9 Int-2 Dex+2 SInv}
MPRegen  0.3/turn               p - ring of Gekhlok {rC+ MR+ Str+4}

@: mighty, very slightly contaminated, hasted, wreathed by umbra, drained, very
quick
A: talons 1, mutation resistance 1, MP-powered wands
}: 2/15 runes: barnacled, gossamer
a: Shadow Step, Shadow Form, Renounce Religion, Evoke Blink


You were on level 5 of the Vaults.
You worshipped Dithmenos.
Dithmenos was exalted by your worship.
You were not hungry.

You visited 10 branches of the dungeon, and saw 48 of its levels.
You also visited: Labyrinth and Volcano.

You collected 7439 gold pieces.
You spent 5117 gold pieces at shops.

Inventory:

Hand Weapons
 a - a +9 fustibalus of holy wrath
 b - the +12 scimitar of Blood (weapon) {slice, +Blink rElec Str-5 SInv}
   (You took it off a merfolk on level 4 of the Shoals)

   It inflicts extra damage upon your enemies.
   It affects your strength (-5).
   It insulates you from electricity.
   It lets you see invisible.
   It lets you blink.
 y - a +1 fustibalus of velocity
 Q - the +4 rapier of Zocoun {elec, rPois}
   (You found it on level 9 of the Dungeon)

   Occasionally, upon striking a foe, it will discharge some electrical energy
   and cause terrible harm.
   It protects you from poison.
Missiles
 d - 477 sling bullets
 k - 1618 stones (quivered)
Armour
 t - a +5 shield of reflection (worn)
 C - a +3 plate armour of fire resistance (worn)
 D - the +1 pair of boots of the Gardener (worn) {Str+3}
   (You acquired it in a labyrinth)

   It affects your strength (+3).
 E - a +2 cloak of magic resistance (worn)
 G - a +1 pair of gloves (worn)
 K - a +5 shield of protection
 S - the +2 helmet of Mumblety Peg (worn) {rPois rF+ MR- rCorr}
   (You found it on level 3 of the Vaults)

   It protects you from fire.
   It protects you from poison.
   It affects your resistance to hostile enchantments.
   It protects you from acid and corrosion.
Jewellery
 p - the ring of Gekhlok (right hand) {rC+ MR+ Str+4}
   (You found it on level 2 of the Depths)

   [ring of protection from magic]

   It affects your strength (+4).
   It protects you from cold.
   It affects your resistance to hostile enchantments.
 r - the amulet "Inladack" (around neck) {rElec Regen+}
   (You took it off a fire giant on level 5 of the Depths)

   [amulet of regeneration]

   It insulates you from electricity.
   It increases your rate of regeneration.
 x - the amulet of Vitality {Regen+ HP+15}
   (You took it off a greater mummy on level 3 of the Depths)

   [amulet of regeneration]

   It affects your health (+15).
   It increases your rate of regeneration.
 Z - the ring "Louraywn" (left hand) {rC++ MP+9 Int-2 Dex+2 SInv}
   (You bought it in a shop on level 2 of the Orcish Mines)

   [ring of magical power]

   It affects your intelligence (-2).
   It affects your dexterity (+2).
   It greatly protects you from cold.
   It affects your magic capacity (+9).
   It lets you see invisible.
Wands
 H - a wand of digging (0/24)
 N - a wand of scattershot (1/9)
 O - a wand of acid (13/15)
 U - a wand of lightning (9/15)
 V - a wand of acid (11/15)
Scrolls
 e - 25 scrolls of remove curse
 n - 5 scrolls of fog
 s - 8 scrolls of magic mapping
 z - 4 scrolls of summoning
 F - 6 scrolls of fear
 J - 3 scrolls of silence
 L - a scroll of teleportation
 T - 2 scrolls of recharging
 X - 6 scrolls of identify
 Y - 4 scrolls of enchant weapon
Potions
 g - 8 potions of invisibility
 h - 2 potions of heal wounds
 i - 3 potions of cancellation
 l - 5 potions of mutation
 o - 6 potions of curing
 v - 3 potions of resistance
 w - 4 potions of might
 A - 5 potions of brilliance
 I - a potion of haste
 M - 3 potions of agility
 P - 2 potions of ambrosia
 R - 3 potions of berserk rage
 W - 3 potions of flight
Miscellaneous
 c - 2 phantom mirrors
 u - 2 boxes of beasts
Comestibles
 f - 7 bread rations
 m - 13 meat rations
 q - 14 royal jellies
 B - 36 fruits


   Skills:
 + Level 19.3(17.9) Fighting
 - Level 14.4(15.2) Short Blades
 - Level 12.0(12.8) Long Blades
 - Level 14.7(13.5) Slings
 + Level 21.1(19.6) Armour
 + Level 20.0(18.6) Dodging
 + Level 6.5(5.5) Stealth
 - Level 21.1(19.6) Shields
 - Level 5.7(4.7) Spellcasting
 - Level 9.7(8.6) Charms
 + Level 8.5(7.5) Invocations
 + Level 15.4(14.1) Evocations


You had 14 spell levels left.
You knew the following spells:

 Your Spells              Type           Power        Failure   Level  Hunger
a - Portal Projectile     Hex/Tloc       #.....       99%         3    ###....
b - Inner Flame           Hex/Fire       #.......     99%         3    ###....
c - Passwall              Tmut/Erth      #.........   93%         2    ###....
d - Deflect Missiles      Chrm/Air       #.........   100%        6    #######
e - Song of Slaying       Chrm           ##......     7%          2    ###....
f - Regeneration          Chrm/Necr      #.........   61%         3    ###....
g - Spectral Weapon       Hex/Chrm       #.......     61%         3    ###....
h - Apportation           Tloc           #.....       83%         1    #......


Dungeon Overview and Level Annotations

Branches:
Dungeon (15/15)            Temple (1/1) D:6            Lair (6/6) D:8
 Shoals (4/4) Lair:2       Spider (4/4) Lair:2        Slime (0/5) Lair:5
    Orc (2/2) D:9             Elf (3/3) Orc:2        Vaults (5/5) D:14
  Crypt (3/3) Vaults:3       Tomb (0/3) Crypt:3      Depths (5/5) D:15
    Zot (0/5) Depths:5

Altars:
Ashenzari
Cheibriados
Dithmenos
Elyvilon
Fedhas
Gozag
Kikubaaqudgha
Makhleb
Nemelex Xobeh
Okawaru
Qazlal
Ru
Sif Muna
Trog
Uskayaw
Vehumet
Xom
Yredelemnul
Zin
The Shining One
Beogh
Jiyva

Shops:
D:5 *   D:8 (   D:9 :%?(?   D:10 (   D:12 !   Orc:1 %?*   Orc:2 *(*!*(?
Elf:1 }=}   Elf:2 *?   Elf:3 :!*   Shoals:1 %   Vaults:1 }

Portals:
Hell: Depths:1 Depths:2 Depths:3 Depths:4 Depths:5
Abyss: Depths:3 Depths:4
Pandemonium: Depths:3
Ziggurat: Depths:4

Annotations:
D:15 Jotun's ghost, journeyman HOBe
Lair:2 Nergalle
Shoals:1 exclusion: Roxanne, Roxanne
Elf:2 3 runed doors
Vaults:5 dcsswall's ghost, adept HOFi


Innate Abilities, Weirdness & Mutations

You are small and have problems with some larger weapons.
You are somewhat resistant to further mutation.
You have sharp toenails.
You expend magic power (3 MP) to strengthen your wands.


Message History

The war gargoyle launches metal splinters at you.
The spray of metal splinters misses you.
The spray of metal splinters hits the ironbrand convoker.
A deep elf death mage comes into view. It is wielding a battleaxe of chopping.
The deep elf death mage shouts!
An ironbrand convoker comes into view. It is wielding a mace.
Dcsswall's ghost (adept Hill Orc Fighter) comes into view.
It is wielding a weapon of freezing.
Dcsswall's ghost turns its malevolent gaze towards you.
You hear a shout!
The sphinx casts a spell.
Something smites you!
* * * LOW HITPOINT WARNING * * *
The sphinx is empowered by the deep elf high priest's aura!
The ironbrand convoker gestures at the vault guard while chanting.
The vault guard seems to grow stronger.
Unknown command.
A stone giant comes into view.
The stone giant shouts!
You hear a distant "Zot"!
The sphinx hits you!
You die...

..##**,,**##.#....#...,,,,,,,,,,,
...##,,,,*#.C#....#.#.*,*,*,*,*,*
.......,,,,...........,,,,,,,,,,,
############.....p..####*********
,,,,,,,.................,,,,,,,,,
,,,,,,,........<<.......,,,,,,,,,
,,,,,,,.......<.p<......,,,,,,,,,
,,,,,,,........<<..C....,,,,,,,,,
*******#####.C.p@...#.###********
*,,,,,,*.....e.DH....#,#.#,*,*,*,
,,,,,,,,...W.#.9..#.#.#,#.#,*,*,*
,,,,,,,...(..#.....#.#,*,#.#,*,*,
*,,,,,,#.....#..p.#.#.#,*,#.#,*,#
**,,,,*##...##....##.#.#,*,#p#,#.
*,,,,,,*,,,,,#..C(#,#.#.*,*,#.#.#
*,,,,,,,,,,,,#..e.#*,#.*,*,*,#e#.
*,,,,,,,,,,,,#.H..#,*,*,*,*,#.#p#


You could see an ironheart preserver, a titan, a golden dragon, a fire giant, a
sphinx, a stone giant, a vault guard, a deep elf death mage, an ettin, a war
gargoyle, a deep elf high priest, 2 ironbrand convokers and dcsswall's ghost.

Vanquished Creatures
  3 ancient liches
  Mara (Depths:3)
  2 juggernauts
  Boris (twice) (Crypt:2 Depths:4)
  2 greater mummies (Depths:3)
  Margery (Crypt:3)
  Xtahua (Depths:4)
  2 caustic shrikes (Depths:2)
  Arachne (Spider:2)
  Nikola (Depths:3)
  Rupert (Orc:2)
  3 tentacled monstrosities
  9 titans
  4 deep elf blademasters
  2 deep elf master archers
  7 liches
  2 quicksilver dragons
  Asterion (Spider:2)
  4 sphinxes
  4 acid blobs
  The ghost of loom the Envoy of Void, an adept FoAK of Lugonu (Spider:1)
  2 ancient champions (Crypt:2)
  2 shadow dragons
  Ilsuiw (Shoals:3)
  3 storm dragons
  8 tengu reavers
  Donald (Orc:2)
  5 azure jellies
  6 draconian monks (Depths:5)
  A revenant (Crypt:1)
  11 fire giants
  The ghost of Sharkie the Grappler, a journeyman TrMo of Jiyva (Elf:1)
  9 deep elf sorcerers
  Aizul (Shoals:3)
  2 curse skulls (Crypt:3)
  Louise (Elf:1)
  20 frost giants
  A draconian shifter (Depths:5)
  2 iron dragons
  8 vault wardens
  3 ghost moths (Spider:4)
  2 emperor scorpions (Spider:4)
  An orc warlord (Orc:2)
  A caustic shrike zombie (Crypt:1)
  11 ghouls
  2 deep elf elementalists (Elf:3)
  3 draconian annihilators (Depths:5)
  18 very ugly things
  3 reapers (Crypt:3)
  3 war gargoyles
  8 ironheart preservers
  The ghost of volde25 the Warrior, a journeyman MiFi (D:14)
  5 entropy weavers
  23 stone giants
  3 green draconians (Depths:5)
  7 deep elf demonologists
  6 red draconians
  4 vampire knights
  The ghost of JackS81 the Carver, a journeyman MiFi of Okawaru (Spider:1)
  5 deep elf annihilators
  4 spark wasps
  Azrael (D:15)
  5 white draconians (Depths:5)
  5 purple draconians
  2 black draconians (Depths:5)
  The ghost of grinvi4 the Thaumaturge, a journeyman DECj of Vehumet (D:15)
  8 eidola
  2 yellow draconians
  9 ettins
  5 death oozes
  3 merfolk javelineers
  8 deep elf death magi
  A minotaur (Lab)
  3 crystal guardians
  10 jiangshi
  10 merfolk impalers
  8 mummy priests
  The ghost of letownia the Martial Artist, a journeyman OpTm of Gozag (Lab)
  7 deep elf high priests
  Josephine (Orc:1)
  6 yaktaur captains
  9 ogre magi
  11 great orbs of eyes
  A quicksilver dragon skeleton (Crypt:3)
  A quicksilver dragon zombie (Crypt:3)
  8 ice dragons
  13 vault guards
  The ghost of monokles the Covert, a journeyman DsAs of Dithmenos (Lab)
  13 fire dragons
  2 rakshasas (Depths:2)
  3 catoblepae
  13 hydras
  3 spriggan air magi
  7 merfolk aquamancers
  A merfolk avatar (Shoals:4)
  6 alligator snapping turtles
  11 centaur warriors
  Erica (Lair:2)
  5 death knights
  A queen ant (Lair:6)
  31 two-headed ogres
  16 dancing weapons
  The ghost of grinvi4 the Covert, a journeyman OpAs of Dithmenos (Orc:1)
  7 deep troll shamans
  2 hell hogs (Depths:3)
  8 deep troll earth magi
  An orc high priest (Orc:2)
  9 tengu warriors
  Urug (D:14)
  8 vampire magi
  6 spriggan berserkers
  2 storm dragon zombies
  A shock serpent (shapeshifter) (Depths:5)
  3 soul eaters (Crypt:3)
  25 deep elf knights
  2 titan skeletons
  A fire crab (Lair:6)
  9 sea snakes
  23 skeletal warriors
  An unseen horror (shapeshifter) (Depths:5)
  6 glowing orange brains
  5 iron trolls
  2 golden dragon zombies (Crypt:3)
  3 death drakes (Depths:5)
  6 shadow wraiths
  2 spark wasp zombies (Depths:2)
  4 unseen horrors
  6 wizards
  9 hell knights
  35 deep trolls
  A deep troll (shapeshifter) (Depths:2)
  A small abomination (Elf:1)
  20 deep elf archers
  17 phantasmal warriors
  6 flayed ghosts
  31 harpies
  6 lindwurms (Depths:5)
  68 deep elf magi
  24 necromancers
  16 ironbrand convokers
  2 harpies (shapeshifter)
  2 shadow dragon skeletons (Crypt:3)
  21 orb spiders
  A shadow dragon zombie (Vaults:4)
  11 orc knights
  8 orc sorcerers
  10 wolf spider zombies
  2 fire giant zombies
  42 wolf spiders
  42 ugly things
  A cyclops (shapeshifter) (Depths:2)
  14 fauns
  An iron dragon zombie (Crypt:1)
  2 moths of wrath
  20 manticores
  A stone giant zombie (Depths:1)
  2 frost giant zombies
  12 merfolk sirens
  10 vault sentinels
  7 cyclopes
  2 centaur zombies
  4 elephants (Lair:6)
  A salamander (Depths:3)
  6 water nymphs
  11 spiny frogs
  8 black mambas
  A shock serpent zombie (Crypt:3)
  Maurice (Orc:2)
  3 molten gargoyles (Lair:6)
  An eye of devastation (shapeshifter) (Depths:2)
  A torpor snail (shapeshifter) (Depths:2)
  A purple draconian zombie (Crypt:2)
  A shock serpent skeleton (Crypt:3)
  A rime drake (Lair:6)
  2 frost giant skeletons
  3 kobold demonologists
  7 gargoyles
  A komodo dragon (shapeshifter) (Depths:2)
  37 yaktaurs
  16 komodo dragons
  2 yaktaurs (shapeshifter)
  16 demonic crawlers
  A human skeleton (Vaults:4)
  7 redback zombies (Spider:3)
  11 freezing wraiths
  13 hellwings (Crypt:3)
  2 guardian mummies
  An efreet (D:14)
  A sea snake skeleton (Crypt:1)
  A tengu conjurer (Elf:1)
  2 polar bears
  A hydra zombie (Crypt:2)
  A harpy zombie (Crypt:3)
  41 jumping spiders
  3 meliai (shapeshifter)
  15 trolls
  4 jumping spiders (shapeshifter)
  A hornet (shapeshifter) (Depths:2)
  35 merfolk
  11 hornets
  5 bog bodies
  A harpy skeleton (D:13)
  2 hydra skeletons (Crypt:3)
  10 tarantella zombies (Spider:3)
  A fire dragon zombie (Crypt:3)
  31 blink frogs
  9 wind drakes
  2 ettin zombies (Crypt:3)
  A dream sheep (shapeshifter) (Vaults:2)
  A minotaur skeleton (Crypt:2)
  39 slime creatures
  13 snapping turtles
  17 dream sheep
  2 frost giant simulacra
  29 hippogriffs
  A black mamba zombie (Crypt:3)
  2 ice dragon zombies
  Sigmund (D:2)
  62 redbacks
  3 air elementals (Depths:4)
  16 flying skulls
  34 tarantellas
  2 tarantellas (shapeshifter)
  A redback (shapeshifter) (Depths:2)
  10 wraiths
  5 shadows
  70 yaks
  4 vampires
  3 ice dragon skeletons (Crypt:3)
  13 water elementals
  2 ettin skeletons (Crypt:3)
  7 fire bats (Volcano)
  16 wyverns
  4 fire elementals
  A golden eye (shapeshifter) (Vaults:2)
  A wind drake skeleton (Crypt:2)
  4 steam dragons
  2 vampire mosquitoes (D:14)
  15 basilisks
  6 hungry ghosts (Lab)
  8 wargs
  A yaktaur simulacrum (Vaults:2)
  An infernal demonspawn zombie (Crypt:1)
  A monstrous demonspawn zombie (Crypt:2)
  A spiny frog zombie (Crypt:3)
  An acid dragon (shapeshifter) (Depths:4)
  A tengu zombie (Depths:1)
  The ghost of grinvi4 the Magician, an amateur OpWz (D:4)
  17 soldier ants
  6 acid dragons
  10 water moccasins
  A floating eye (shapeshifter) (Vaults:3)
  13 hell hounds
  8 porcupines
  4 ice beasts
  A snapping turtle zombie (Crypt:3)
  3 black bears
  6 swamp drakes (Depths:5)
  44 orc warriors
  5 sky beasts
  6 necrophages
  An eye of draining (D:10)
  2 eyes of draining (shapeshifter)
  27 centaurs
  23 ogres
  A snapping turtle skeleton (Crypt:3)
  3 phantoms
  45 boggarts
  18 wolves
  8 crocodiles
  A crocodile (shapeshifter) (Depths:5)
  A dream sheep skeleton (Crypt:2)
  A manticore skeleton (Crypt:2)
  A big kobold (shapeshifter) (D:14)
  3 big kobolds
  23 bullfrogs
  A rime drake skeleton (Crypt:2)
  A yaktaur skeleton (Vaults:1)
  3 earth elementals
  A water moccasin zombie (D:9)
  An elf simulacrum (Vaults:1)
  A water moccasin skeleton (D:9)
  8 wyvern skeletons (Crypt:3)
  16 killer bees
  A raiju zombie (Crypt:1)
  6 scorpions
  A troll zombie (Crypt:1)
  6 howler monkeys
  3 spriggan skeletons (Lab)
  15 wights
  3 electric eels
  10 lava snakes
  5 crimson imps
  A bullfrog zombie (D:3)
  4 quasits
  A human zombie (Crypt:3)
  8 hounds
  A human simulacrum (Vaults:2)
  10 jellies
  36 orc priests
  A gnoll shaman (D:4)
  4 bullfrog skeletons
  7 centaur skeletons
  9 iguanas
  57 orc wizards
  29 worker ants
  5 hell rats (Lair:2)
  An acid dragon zombie (Crypt:1)
  An ogre zombie (Crypt:3)
  A tengu skeleton (Crypt:2)
  A big kobold skeleton (Crypt:1)
  A felid skeleton (Crypt:1)
  A hound skeleton (D:7)
  3 mummies
  A worker ant zombie (D:5)
  Robin (D:2)
  8 gnolls
  A steam dragon zombie (Crypt:1)
  19 adders
  2 shadow imps
  4 oozes
  3 adder zombies
  An adder skeleton (D:4)
  3 worms (D:2)
  2 dart slugs
  7 leopard geckos
  129 orcs
  10 ball pythons
  6 bats
  A bat zombie (Crypt:2)
  3 giant cockroaches
  16 goblins
  6 hobgoblins
  14 jackals
  5 quokkas
  3 frilled lizards
  A goblin skeleton (Crypt:1)
  16 kobolds
  A leopard gecko skeleton (D:5)
  A quokka skeleton (D:9)
  9 rats
  A bush (Lair:5)
  2 crawling corpses (Elf:3)
  A fungus (Lair:5)
  3 plants
  3 withered plants (Crypt:3)
2664 creatures vanquished.

Vanquished Creatures (collateral kills)
  An emperor scorpion (Spider:4)
  An entropy weaver (Lair:5)
  A wolf spider (Spider:2)
  A hornet (Spider:4)
  4 redbacks (Spider:2)
  A tarantella (Spider:2)
9 creatures vanquished.

Vanquished Creatures (others)
  2 deep elf master archers
  2 tengu reavers
  A fire giant (Crypt:3)
  2 vault wardens
  A deep elf sorcerer (Depths:4)
  A frost giant (Crypt:3)
  An emperor scorpion (Spider:4)
  4 stone giants
  A purple draconian (Crypt:3)
  2 merfolk javelineers
  An eidolon (Crypt:3)
  9 yaktaur captains
  5 centaur warriors
  2 dancing weapons (Depths:4)
  A deep troll shaman (Depths:4)
  2 satyrs (Shoals:4)
  5 deep elf knights
  A skeletal warrior (Crypt:2)
  A small abomination (Elf:3)
  5 deep elf archers
  A wolf spider (Spider:4)
  3 cyclopes
  6 fauns
  An ugly thing (Depths:5)
  A manticore (Shoals:2)
  25 yaktaurs
  A hornet (Vaults:5)
  A bog body (Crypt:2)
  A tarantella (Spider:2)
  2 centaurs
  An orc wizard (Elf:1)
  3 orcs
  12 fungi
  10 plants
  24 withered plants (Crypt:3)
141 creatures vanquished.

Grand Total: 2814 creatures vanquished

Notes
Turn   | Place    | Note
-------+----------+-------------------------------------------
     0 | D:1      | Jannitor the Halfling Hunter began the quest for the Orb.
     0 | D:1      | Reached XP level 1. HP: 14/14 MP: 1/1
   241 | D:1      | Reached XP level 2. HP: 18/19 MP: 2/2
   321 | D:1      | Reached skill level 1 in Short Blades
   461 | D:1      | Reached XP level 3. HP: 16/24 MP: 3/3
   712 | D:2      | Noticed Sigmund
   844 | D:2      | Reached XP level 4. HP: 30/30 MP: 4/4
  1823 | D:1      | Reached XP level 5. HP: 10/36 MP: 5/5
  2318 | D:2      | Noticed Robin
  2323 | D:2      | Gained mutation: You are frail. (-10% HP) [potion of mutation]
  2333 | D:2      | Killed Robin
  2583 | D:3      | Noticed a bullfrog
  2607 | D:3      | HP: 1/32 [bullfrog (3)]
  2608 | D:3      | Killed a bullfrog
  2608 | D:3      | Reached XP level 6. HP: 1/37 MP: 6/6
  3439 | D:4      | Noticed grinvi4's ghost (amateur OpWz)
  3808 | D:4      | Reached XP level 7. HP: 41/41 MP: 7/7
  5062 | D:4      | Killed grinvi4's ghost
  5102 | D:4      | Reached XP level 8. HP: 43/48 MP: 6/8
  5110 | D:4      | Reached skill level 5 in Short Blades
  5613 | D:5      | Entered Level 5 of the Dungeon
  5656 | D:5      | Reached skill level 5 in Dodging
  6540 | D:5      | Found Adocupau's Assorted Antiques.
  6545 | D:5      | Bought a potion of mutation for 144 gold pieces
  6545 | D:5      | Bought a fuming grey potion for 16 gold pieces
  6545 | D:5      | Bought a scroll labeled ZUDGHI CETTOVUODDES for 18 gold pieces
  6545 | D:5      | Lost mutation: You are frail. (-10% HP) [potion of mutation]
  6545 | D:5      | Gained mutation: You expend magic power (3 MP) to strengthen your wands. [potion of mutation]
  6948 | D:6      | Found a stormy altar of Qazlal.
  6950 | D:6      | Noticed a water elemental
  6951 | D:6      | Noticed an air elemental
  6951 | D:6      | Noticed a fire elemental
  6968 | D:6      | Reached skill level 5 in Fighting
  6970 | D:6      | Reached XP level 9. HP: 61/61 MP: 9/9
  7011 | D:6      | Found a staircase to the Ecumenical Temple.
  7019 | D:6      | Got a warped whip
  7023 | D:6      | Identified the +3 whip "Beuniu" {slash, *Rage rF+ rC++ Dex+3} (You found it on level 6 of the Dungeon)
  7046 | Temple   | Entered the Ecumenical Temple
  7296 | Temple   | Became a worshipper of Warmaster Okawaru
  7702 | D:6      | Reached skill level 10 in Slings
  8297 | D:7      | Reached * piety under Okawaru
  9220 | D:8      | Found a staircase to the Lair.
  9242 | D:8      | Reached ** piety under Okawaru
  9255 | D:8      | Reached XP level 10. HP: 27/68 MP: 4/10
  9520 | D:8      | Found a shattered altar of Ashenzari.
  9647 | D:8      | Found Kikhluna's Antique Weapon Shop.
 10336 | D:9      | Got a faintly glowing rapier
 10337 | D:9      | Identified the +4 rapier of Zocoun {elec, rPois} (You found it on level 9 of the Dungeon)
 10342 | D:9      | Found Xousoin's Book Shoppe.
 10364 | D:9      | Found an ancient bone altar of Kikubaaqudgha.
 10516 | D:9      | Reached *** piety under Okawaru
 10630 | D:9      | Found Bonee's Magic Scroll Boutique.
 10634 | D:9      | Bought a scroll of magic mapping for 49 gold pieces
 10634 | D:9      | Bought a scroll of identify for 28 gold pieces
 10634 | D:9      | Bought a scroll of identify for 28 gold pieces
 10921 | D:9      | Found Affeg's Food Emporium.
 11044 | D:9      | Found Vesma's Magic Scroll Emporium.
 11052 | D:9      | Bought a scroll of teleportation for 51 gold pieces
 11052 | D:9      | Found Wooh's Antique Weapon Boutique.
 11322 | D:9      | Found a staircase to the Orcish Mines.
 11478 | D:9      | Reached **** piety under Okawaru
 11478 | D:9      | Reached skill level 1 in Armour
 11478 | D:9      | Reached XP level 11. HP: 75/75 MP: 11/11
 11589 | Lair:1   | Entered Level 1 of the Lair of Beasts
 12000 | Lair:1   | Received a gift from Okawaru
 12039 | Lair:1   | Noticed a six-headed hydra
 12442 | Lair:1   | Killed a six-headed hydra
 12442 | Lair:1   | Reached skill level 10 in Short Blades
 13337 | Lair:1   | Reached skill level 1 in Shields
 13424 | Lair:1   | Reached skill level 1 in Invocations
 13550 | Lair:2   | Reached ***** piety under Okawaru
 13576 | Lair:2   | Noticed a five-headed hydra
 14123 | Lair:2   | Noticed Nergalle
 14139 | Lair:2   | Received a gift from Okawaru
 14145 | Lair:2   | Reached XP level 12. HP: 46/84 MP: 6/14
 14646 | Orc:1    | Entered Level 1 of the Orcish Mines
 14655 | Orc:1    | Received a gift from Okawaru
 14657 | Orc:1    | Noticed grinvi4's ghost (journeyman OpAs)
 14848 | D:9      | Noticed a death knight
 14867 | D:9      | Killed a death knight
 14867 | D:9      | Reached skill level 5 in Shields
 15080 | D:9      | Reached skill level 5 in Invocations
 15204 | D:9      | Received a gift from Okawaru
 15293 | D:9      | Noticed a two-headed ogre
 15304 | D:9      | Killed a two-headed ogre
 15490 | D:9      | Received a gift from Okawaru
 15727 | D:10     | Entered Level 10 of the Dungeon
 15756 | D:10     | Found Xituw's Weapon Boutique.
 15774 | D:10     | Received a gift from Okawaru
 16351 | D:10     | Noticed a two-headed ogre
 16374 | D:10     | Killed a two-headed ogre
 16374 | D:10     | Received a gift from Okawaru
 16470 | D:10     | Reached XP level 13. HP: 66/91 MP: 10/17
 16479 | D:10     | Gained mutation: You do not regenerate when monsters are visible. [mutagenic meat]
 16480 | D:10     | Gained mutation: You are partially covered in slimy green scales. (AC +2) [mutagenic meat]
 17260 | D:11     | Gained mutation: You have sharp toenails. [mutagenic meat]
 17297 | D:11     | Reached skill level 10 in Fighting
 17326 | D:11     | Received a gift from Okawaru
 17806 | D:11     | Noticed a catoblepas
 17822 | D:11     | Killed a catoblepas
 17880 | D:11     | Received a gift from Okawaru
 17886 | D:11     | Got an ancient short sword {god gift}
 17887 | D:11     | Identified the +8 short sword "Fowkaph" {drain, rN+ MR+ Int+2 Dex+3} (Okawaru gifted it to you on level 11 of the Dungeon)
 18820 | Lair:2   | Noticed Erica
 18839 | Lair:2   | Killed Erica
 18907 | Lair:2   | Killed a one-headed hydra
 19440 | Lair:2   | Found a hole to the Spider Nest.
 19494 | Lair:2   | Received a gift from Okawaru
 19743 | Lair:2   | Found a staircase to the Shoals.
 19921 | Lair:3   | Noticed a four-headed hydra
 19927 | Lair:3   | Killed a four-headed hydra
 20506 | Lair:4   | Found a dark tunnel.
 20560 | Volcano  | Entered a volcano
 20607 | Volcano  | Reached ****** piety under Okawaru
 20710 | Volcano  | Noticed a red draconian
 20710 | Volcano  | Noticed an ogre mage
 20732 | Volcano  | Reached XP level 14. HP: 75/101 MP: 9/18
 20740 | Volcano  | Received a gift from Okawaru
 20740 | Volcano  | Reached skill level 10 in Dodging
 20767 | Volcano  | Killed a red draconian
 20767 | Volcano  | Received a gift from Okawaru
 20812 | Volcano  | Found a burning altar of Makhleb.
 20883 | Volcano  | Found a bloodstained altar of Trog.
 21452 | Lair:4   | Reached skill level 5 in Stealth
 21854 | Lair:4   | Received a gift from Okawaru
 22276 | Lair:4   | Received a gift from Okawaru
 22544 | Lair:5   | Reached skill level 1 in Evocations
 23149 | Lair:5   | Found a viscous altar of Jiyva.
 23149 | Lair:5   | Found a staircase to the Slime Pits.
 23317 | Lair:6   | Entered Level 6 of the Lair of Beasts
 23512 | Lair:6   | Received a gift from Okawaru
 23512 | Lair:6   | Reached XP level 15. HP: 96/108 MP: 19/19
 23769 | Lair:6   | Received a gift from Okawaru
 23967 | Lair:6   | Received a gift from Okawaru
 24135 | Lair:6   | Received a gift from Okawaru
 25467 | Lair:6   | Reached skill level 5 in Armour
 25716 | Lair:6   | Found a large runed door.
 25876 | Lair:6   | Reached skill level 5 in Evocations
 25970 | Lair:6   | Found a large runed door.
 26757 | Orc:1    | Killed grinvi4's ghost
 26793 | Orc:1    | Found Nyruklargh's Magic Scroll Boutique.
 26816 | Orc:1    | Bought a scroll of identify for 32 gold pieces
 26816 | Orc:1    | Bought a scroll of identify for 32 gold pieces
 26824 | Orc:1    | Found a radiant altar of Vehumet.
 26834 | Orc:1    | Found Fumpoic's General Store.
 26854 | Orc:1    | Bought a wand of clouds (2/9) for 198 gold pieces
 26854 | Orc:1    | Bought a scroll of enchant weapon for 82 gold pieces
 26860 | Orc:1    | Learned a level 3 spell: Portal Projectile
 26864 | Orc:1    | Learned a level 3 spell: Inner Flame
 26898 | Orc:1    | Found Umauf's Food Shop.
 27101 | Orc:2    | Entered Level 2 of the Orcish Mines
 27124 | Orc:2    | Noticed Maurice
 27144 | Orc:2    | Killed Maurice
 27144 | Orc:2    | Received a gift from Okawaru
 27180 | Orc:2    | Found Zotown's Magic Scroll Shop.
 27187 | Orc:2    | Found Ynoim's Antique Weapon Shop.
 27195 | Orc:2    | Found a labyrinth entrance.
 27199 | Lab      | Entered a labyrinth
 27297 | Lab      | Noticed letownia's ghost (journeyman OpTm)
 27313 | Lab      | Killed letownia's ghost
 27793 | Lab      | Noticed monokles's ghost (journeyman DsAs)
 27837 | Lab      | Killed monokles's ghost
 28034 | Lab      | Reached XP level 16. HP: 80/116 MP: 15/20
 28325 | Lab      | Learned a level 2 spell: Passwall
 28332 | Lab      | Learned a level 6 spell: Deflect Missiles
 28333 | Lab      | Identified a scroll of acquirement
 28335 | Lab      | Got a pair of twisted boots
 28346 | Lab      | Identified the +1 pair of boots of the Gardener {Str+3} (You acquired it in a labyrinth)
 28415 | Orc:2    | Bought a scroll of blinking for 75 gold pieces
 28415 | Orc:2    | Bought 2 scrolls of identify for 40 gold pieces
 28486 | Orc:2    | Noticed Josephine
 28504 | Orc:1    | Killed Josephine
 29505 | Orc:2    | Found a staircase to the Elven Halls.
 29511 | Orc:2    | Noticed Rupert
 29784 | Orc:2    | Found Mikhap's General Store.
 29923 | Orc:2    | Found a roughly hewn altar of Beogh.
 29931 | Orc:2    | Noticed Donald
 29944 | Orc:2    | Killed Donald
 30167 | Orc:2    | Killed Rupert
 30645 | Orc:2    | Found Etuob's Assorted Antiques.
 30645 | Orc:2    | Found Jaon's Weapon Shop.
 30645 | Orc:2    | Found Cirrel's Distillery.
 30648 | Orc:2    | Found Pumuv's Assorted Antiques.
 30709 | Orc:2    | Bought a potion of curing for 36 gold pieces
 30711 | Orc:2    | Bought a transparent pewter ring for 130 gold pieces
 30712 | Orc:2    | Bought a potion of might for 124 gold pieces
 30712 | Orc:2    | Bought a knobbly jade ring for 155 gold pieces
 30712 | Orc:2    | Identified the ring "Louraywn" {rC++ MP+9 Int-2 Dex+2 SInv} (You bought it in a shop on level 2 of the Orcish Mines)
 30766 | Orc:2    | Bought a scroll of enchant armour for 195 gold pieces
 30766 | Orc:2    | Bought a potion of curing for 78 gold pieces
 30766 | Orc:2    | Bought a scroll of identify for 52 gold pieces
 30768 | Orc:2    | Bought a potion of heal wounds for 60 gold pieces
 30768 | Orc:2    | Bought a potion of berserk rage for 60 gold pieces
 31513 | D:8      | Gained mutation: Your body sometimes deteriorates upon taking damage. [mutagenic meat]
 31764 | D:12     | Found Ripsiore's Distillery.
 31772 | D:12     | Bought a potion of mutation for 104 gold pieces
 31772 | D:12     | Lost mutation: Your body sometimes deteriorates upon taking damage. [potion of mutation]
 31772 | D:12     | Lost mutation: You expend magic power (3 MP) to strengthen your wands. [potion of mutation]
 31772 | D:12     | Lost mutation: You do not regenerate when monsters are visible. [potion of mutation]
 31772 | D:12     | Lost mutation: You are partially covered in slimy green scales. (AC +2) [potion of mutation]
 31772 | D:12     | Gained mutation: You expend magic power (3 MP) to strengthen your wands. [potion of mutation]
 31773 | D:12     | Bought a potion of haste for 130 gold pieces
 31773 | D:12     | Bought a potion of agility for 52 gold pieces
 32385 | D:12     | Received a gift from Okawaru
 33468 | D:13     | Received a gift from Okawaru
 33552 | D:13     | Received a gift from Okawaru
 34148 | D:14     | Noticed volde25's ghost (journeyman MiFi)
 34155 | D:14     | Reached XP level 17. HP: 124/124 MP: 21/21
 34228 | D:14     | Killed volde25's ghost
 34228 | D:14     | Received a gift from Okawaru
 34573 | D:14     | Reached skill level 10 in Shields
 34708 | D:14     | Received a gift from Okawaru
 34709 | D:14     | Got a translucent dagger {god gift}
 34710 | D:14     | Identified the +4 dagger "Limo Yjo" {flame, +Fly} (Okawaru gifted it to you on level 14 of the Dungeon)
 34932 | D:14     | Noticed Urug
 34955 | D:14     | Killed Urug
 35252 | D:14     | Found a gate to the Vaults.
 35707 | D:14     | Received a gift from Okawaru
 35986 | D:14     | Reached skill level 10 in Armour
 36400 | D:15     | Entered Level 15 of the Dungeon
 36735 | D:15     | Noticed grinvi4's ghost (journeyman DECj)
 36757 | D:15     | Killed grinvi4's ghost
 37318 | D:15     | Found a staircase to the Depths.
 37433 | D:15     | Received a gift from Okawaru
 37493 | D:15     | Noticed Jotun's ghost (journeyman HOBe)
 37792 | Shoals:1 | Entered Level 1 of the Shoals
 37919 | Shoals:1 | Noticed Roxanne
 37959 | Shoals:1 | Reached XP level 18. HP: 129/132 MP: 23/23
 38060 | Shoals:1 | Found Lisesall's Food Emporium.
 38516 | Shoals:1 | Received a gift from Okawaru
 40232 | Shoals:3 | Received a gift from Okawaru
 40968 | Shoals:3 | Noticed Aizul
 41433 | Shoals:4 | Entered Level 4 of the Shoals
 41518 | Shoals:3 | Reached skill level 15 in Fighting
 41974 | Shoals:4 | Noticed Ilsuiw
 42056 | Shoals:3 | Killed Ilsuiw
 42172 | Shoals:4 | Received a gift from Okawaru
 42374 | Shoals:4 | Identified the +0 acid dragon scales of Trog's Envy {rPois rCorr Str+4 Int+3} (You took it off a merfolk siren on level 4 of the Shoals)
 42430 | Shoals:4 | Received a gift from Okawaru
 42430 | Shoals:4 | Reached XP level 19. HP: 76/139 MP: 25/25
 42583 | Shoals:3 | Killed Aizul
 43343 | Shoals:3 | Received a gift from Okawaru
 44209 | Shoals:4 | Learned a level 2 spell: Song of Slaying
 44226 | Shoals:4 | Received a gift from Okawaru
 44255 | Shoals:4 | Identified the +12 scimitar of Blood {slice, +Blink rElec Str-5 SInv} (You took it off a merfolk on level 4 of the Shoals)
 44631 | Shoals:4 | Reached skill level 1 in Charms
 44657 | Shoals:4 | Got a barnacled rune of Zot
 45258 | Shoals:4 | Received a gift from Okawaru
 45258 | Shoals:4 | Reached skill level 15 in Shields
 46147 | D:12     | Bought a potion of curing for 39 gold pieces
 46147 | D:12     | Bought a potion of agility for 52 gold pieces
 46228 | Vaults:1 | Entered Level 1 of the Vaults
 46289 | Vaults:1 | Paralysed by a hornet for 1 turns
 46545 | Vaults:1 | Received a gift from Okawaru
 47364 | Vaults:1 | Found Inenwuecs's Gadget Boutique.
 47417 | Vaults:1 | Bought a box of beasts for 380 gold pieces
 47609 | Vaults:1 | Reached skill level 1 in Long Blades
 48039 | Vaults:2 | Reached XP level 20. HP: 147/147 MP: 27/27
 48250 | Vaults:2 | Reached skill level 1 in Spellcasting
 48536 | D:9      | Bought a scroll of acquirement for 884 gold pieces
 49749 | Vaults:2 | Received a gift from Okawaru
 49774 | Vaults:2 | Reached skill level 5 in Charms
 49901 | Vaults:2 | Noticed an Ice Fiend
 50303 | Vaults:2 | Reached skill level 5 in Long Blades
 51469 | Vaults:2 | Received a gift from Okawaru
 51477 | Vaults:2 | Identified the +1 plate armour of the Ageless Realms {MR- Int+2 Dex+2} (Okawaru gifted it to you on level 2 of the Vaults)
 51867 | Vaults:3 | Reached XP level 21. HP: 153/153 MP: 28/28
 52358 | Vaults:3 | Got a transparent helmet
 52369 | Vaults:3 | Identified the +2 helmet of Mumblety Peg {rPois rF+ MR- rCorr} (You found it on level 3 of the Vaults)
 52849 | Vaults:3 | Found a staircase to the Crypt.
 53057 | Vaults:3 | Paralysed by a floating eye for 2 turns
 54095 | Vaults:3 | Received a gift from Okawaru
 54199 | Vaults:4 | Learned a level 3 spell: Regeneration
 54203 | Vaults:4 | Learned a level 3 spell: Spectral Weapon
 55434 | Vaults:4 | Found an ancient bone altar of Kikubaaqudgha.
 56436 | Spider:1 | Entered Level 1 of the Spider Nest
 56451 | Spider:1 | Received a gift from Okawaru
 56785 | Spider:1 | Received a gift from Okawaru
 56832 | Spider:1 | Noticed loom's ghost (adept FoAK)
 56855 | Spider:1 | Killed loom's ghost
 56855 | Spider:1 | Reached XP level 22. HP: 162/162 MP: 29/29
 56943 | Spider:1 | Reached skill level 10 in Long Blades
 56943 | Spider:1 | Reached XP level 23. HP: 167/167 MP: 30/30
 56945 | Spider:1 | Noticed JackS81's ghost (journeyman MiFi)
 56963 | Spider:1 | Killed JackS81's ghost
 57070 | Spider:1 | Received a gift from Okawaru
 57816 | Spider:2 | Noticed Arachne
 57862 | Spider:2 | Killed Arachne
 58180 | Spider:2 | Received a gift from Okawaru
 58344 | Spider:2 | Noticed Asterion
 58369 | Spider:2 | Killed Asterion
 58666 | Spider:2 | Found a roughly hewn altar of Beogh.
 59030 | Spider:3 | Received a gift from Okawaru
 59174 | Spider:4 | Entered Level 4 of the Spider Nest
 60982 | Spider:4 | Received a gift from Okawaru
 61572 | Spider:4 | Got a gossamer rune of Zot
 62392 | D:2      | Found a glowing silver altar of Zin.
 62392 | D:2      | Found a white marble altar of Elyvilon.
 62392 | D:2      | Found a glowing golden altar of the Shining One.
 62396 | D:2      | Fell from the grace of Okawaru
 62396 | D:2      | Became a worshipper of the Shining One
 62436 | D:2      | Killed Sigmund
 62779 | Crypt:1  | Entered Level 1 of the Crypt
 62799 | Crypt:1  | Reached XP level 24. HP: 173/173 MP: 30/30
 62844 | Crypt:1  | Reached skill level 15 in Armour
 62861 | Crypt:1  | Reached skill level 10 in Evocations
 62891 | Crypt:1  | Reached * piety under the Shining One
 63493 | Crypt:1  | Reached ** piety under the Shining One
 64052 | Crypt:2  | Reached *** piety under the Shining One
 64130 | Crypt:2  | Reached **** piety under the Shining One
 64271 | Crypt:2  | Reached ***** piety under the Shining One
 64287 | Crypt:2  | Noticed Boris
 64307 | Crypt:2  | Killed Boris
 65229 | Crypt:2  | Reached ****** piety under the Shining One
 65668 | Crypt:3  | Entered Level 3 of the Crypt
 65677 | Crypt:3  | Noticed Margery
 65876 | Crypt:3  | Killed Margery
 66243 | Crypt:3  | Found an ancient bone altar of Kikubaaqudgha.
 66256 | Crypt:3  | Identified a +8 fustibalus of holy wrath (a +6 fustibalus of freezing blessed by the Shining One)
 66256 | Crypt:3  | Received a gift from the Shining One
 67016 | Crypt:3  | Reached XP level 25. HP: 176/179 MP: 32/32
 67493 | Crypt:3  | Found a staircase to the Tomb.
 68350 | Crypt:3  | Noticed an ancient lich
 68372 | Crypt:3  | Killed an ancient lich
 68393 | Crypt:3  | Noticed an ancient lich
 68415 | Crypt:3  | Killed an ancient lich
 68831 | Crypt:3  | Was forgiven by Okawaru
 70118 | Crypt:3  | Identified the Handbook of Evil and Stones
 70680 | Temple   | Fell from the grace of the Shining One
 70680 | Temple   | Became a worshipper of Dithmenos the Shadowed
 70893 | Orc:2    | Bought 3 scrolls of enchant weapon for 337 gold pieces
 71024 | D:9      | Bought a scroll of enchant armour for 127 gold pieces
 71024 | D:9      | Bought a scroll of enchant armour for 127 gold pieces
 71144 | Elf:1    | Entered Level 1 of the Elven Halls
 71225 | Elf:1    | Noticed Sharkie's ghost (journeyman TrMo)
 71245 | Elf:1    | Killed Sharkie's ghost
 71459 | Elf:1    | Reached * piety under Dithmenos
 71518 | Elf:1    | Noticed Louise
 71553 | Elf:1    | Killed Louise
 71991 | Elf:1    | Reached skill level 15 in Dodging
 72651 | Elf:1    | Found Cestok's Gadget Boutique.
 72651 | Elf:1    | Found Guniesk's Jewellery Emporium.
 72652 | Elf:1    | Found Pigocs's Gadget Boutique.
 72840 | Elf:1    | Reached ** piety under Dithmenos
 73134 | Elf:2    | Found Dumop's Magic Scroll Shop.
 73164 | Elf:2    | Bought a scroll of teleportation for 48 gold pieces
 73164 | Elf:2    | Bought a scroll of teleportation for 48 gold pieces
 73164 | Elf:2    | Bought a scroll of silence for 120 gold pieces
 73316 | Elf:2    | Found Daapocwa's Elven Fire.
 73444 | Elf:2    | Reached XP level 26. HP: 185/185 MP: 32/32
 73599 | Elf:2    | Found a runed gate.
 73600 | Elf:2    | Found a runed gate.
 73601 | Elf:2    | Found a runed gate.
 73773 | Elf:3    | Entered Level 3 of the Elven Halls
 73781 | Elf:3    | Found Zeok's Distillery.
 73803 | Elf:3    | Bought a potion of agility for 68 gold pieces
 73803 | Elf:3    | Bought a potion of curing for 51 gold pieces
 73803 | Elf:3    | Bought a potion of curing for 51 gold pieces
 73803 | Elf:3    | Bought a potion of might for 68 gold pieces
 73803 | Elf:3    | Bought 2 potions of invisibility for 272 gold pieces
 73803 | Elf:3    | Bought 2 potions of resistance for 340 gold pieces
 74102 | Elf:3    | Found Arghukk's General Store.
 74120 | Elf:3    | Bought a potion of curing for 51 gold pieces
 74120 | Elf:3    | Bought a potion of heal wounds for 85 gold pieces
 74297 | Elf:3    | Reached *** piety under Dithmenos
 74341 | Elf:3    | Found Yleyx's Book Shoppe.
 74448 | Elf:3    | Identified the Almanac of Supportive Transmutation
 75274 | Elf:3    | Identified the cursed +0 falchion of Kawimeuf {vamp, +Inv rN+ Str+4} (You took it off a deep elf annihilator on level 3 of the Elven Halls)
 75333 | Elf:3    | Reached skill level 5 in Spellcasting
 75384 | Elf:3    | Reached **** piety under Dithmenos
 75819 | Elf:3    | Identified the +3 scimitar "Heimp" {chaos, rF++ rN+ MR- SInv} (You found it on level 3 of the Elven Halls)
 75827 | Elf:3    | Identified the +2 helmet "Fiosen" {rElec rPois} (You found it on level 3 of the Elven Halls)
 76216 | Elf:3    | Identified The Foundations of Spellcraft
 76769 | Depths:1 | Entered Level 1 of the Depths
 76994 | D:15     | Noticed Azrael
 77001 | D:15     | Killed Azrael
 78157 | Depths:1 | Learned a level 1 spell: Apportation
 78161 | Depths:1 | Found a gateway to Hell.
 78702 | Depths:1 | Reached ***** piety under Dithmenos
 78909 | Depths:2 | Noticed an ancient lich
 79361 | Depths:2 | Reached XP level 27. HP: 127/193 MP: 32/32
 79700 | Depths:2 | Got a twitching tin ring
 79701 | Depths:2 | Identified the ring of Gekhlok {rC+ MR+ Str+4} (You found it on level 2 of the Depths)
 79785 | Depths:2 | Killed an ancient lich
 80302 | Depths:2 | Noticed a juggernaut
 80705 | Depths:2 | Killed a juggernaut
 80721 | Depths:2 | Killed a ghostly juggernaut
 80994 | Depths:2 | Reached ****** piety under Dithmenos
 81708 | Depths:3 | Noticed Nikola
 81720 | Depths:3 | Killed Nikola
 82081 | Depths:3 | Found a one-way gate leading to the halls of Pandemonium.
 82107 | Depths:3 | Noticed Mara
 82150 | Depths:3 | Noticed Jannitor's illusion
 82172 | Depths:3 | Killed Mara
 82460 | Depths:3 | Noticed a greater mummy
 82467 | Depths:3 | Killed a greater mummy
 83298 | Depths:3 | Noticed a greater mummy
 83308 | Depths:3 | Killed a greater mummy
 83576 | Depths:3 | Found a one-way gate to the infinite horrors of the Abyss.
 84621 | Depths:4 | Noticed Boris
 84640 | Depths:4 | Killed Boris
 84678 | Depths:4 | Identified the cursed -4 buckler of Jipan {*Drain rN++ rCorr Str+3} (You found it on level 4 of the Depths)
 84689 | Depths:5 | Entered Level 5 of the Depths
 84709 | Depths:5 | Found a gate to the Realm of Zot.
 84819 | Depths:5 | Identified the ring "Vopuown" {Wiz rPois rF+ rC- SInv} (You found it on level 5 of the Depths)
 85124 | Depths:5 | Noticed a juggernaut
 85139 | Depths:5 | Killed a juggernaut
 85822 | Depths:4 | Found a gateway to a ziggurat.
 85933 | Depths:4 | Noticed Xtahua
 85947 | Depths:4 | Killed Xtahua
 86167 | Depths:4 | Identified the +1 buckler of the Turtle {Int+2} (You found it on level 4 of the Depths)
 86467 | Depths:5 | Identified the amulet "Inladack" {rElec Regen+} (You took it off a fire giant on level 5 of the Depths)
 86623 | Depths:5 | Reached skill level 15 in Evocations
 87129 | Depths:5 | Identified the +3 plate armour "Wiubbear" {rN+ Str+4} (You found it on level 5 of the Depths)
 87423 | Depths:5 | Found a viscous altar of Jiyva.
 88059 | Vaults:5 | Entered Level 5 of the Vaults
 88543 | Vaults:5 | HP: 9/199 [deep elf high priest/damnation (25)]
 88569 | Vaults:5 | HP: 2/199 [deep elf high priest/a malign offering (31)]
 88574 | Vaults:5 | Noticed dcsswall's ghost (adept HOFi)
 88574 | Vaults:5 | HP: 9/199 [sphinx/divine providence (12)]
 88575 | Vaults:5 | Slain by a sphinx

Skill      XL: |  1  2  3  4  5  6  7  8  9 10 11 12 13 14 15 16 17 18 19 20 21 22 23 24 25 26 27 |
---------------+----------------------------------------------------------------------------------+-----
Fighting       | 2 3 4 5 6 7 8 9 11 12 13 14 15 16 17 19 | 19.3
Slings         | 6 7 8 9 10 12 13 14 | 14.7
Short Blades   | 1 2 3 4 6 8 9 10 12 13 14 | 14.4
Dodging        | 3 4 5 7 8 9 11 12 15 17 20 | 20.0
Armour         | 1 4 6 9 10 11 13 14 16 17 18 21 | 21.1
Shields        | 3 5 9 12 13 15 16 17 19 20 21 | 21.1
Invocations    | 3 6 8 |  8.5
Stealth        | 3 6 |  6.5
Evocations     | 2 5 6 7 9 12 15 | 15.4
Charms         | 3 5 6 9 |  9.7
Long Blades    | 1 5 9 10 12 | 12.0
Spellcasting   | 3 4 5 |  5.7

Action                   |  1- 3 |  4- 6 |  7- 9 | 10-12 | 13-15 | 16-18 | 19-21 | 22-24 | 25-27 || total
-------------------------+-------+-------+-------+-------+-------+-------+-------+-------+-------++-------
Melee: Short sword       |   103 |   217 |    19 |       |     3 |       |       |       |       ||   342
       Dagger            |       |       |   386 |    15 |       |       |       |       |       ||   401
       Rapier            |       |       |       |   530 |   987 |  1601 |  1567 |   548 |       ||  5233
       Quick blade       |       |       |       |    18 |       |       |       |       |       ||    18
       Kick              |       |       |       |       |    30 |       |       |       |       ||    30
       Scimitar          |       |       |       |       |    27 |    10 |    67 |  1421 |  2659 ||  4184
 Fire: Hunting sling     |       |    58 |   183 |   399 |   132 |       |       |       |       ||   772
       Fustibalus        |       |       |       |       |   488 |  1052 |   895 |   516 |  1359 ||  4310
 Cast: Song of Slaying   |       |       |       |       |       |       |       |       |     3 ||     3
       Apportation       |       |       |       |       |       |       |       |       |     1 ||     1
Invok: Heroism           |       |       |       |     3 |     4 |     4 |     7 |     3 |       ||    21
       Finesse           |       |       |       |     2 |     5 |     7 |     5 |     2 |       ||    21
       Brand Weapon With |       |       |       |       |       |       |       |     1 |       ||     1
 Abil: Evoke Blink       |       |       |       |       |       |       |     1 |       |     1 ||     2
Evoke: Wand              |       |       |       |       |     5 |    19 |    10 |     2 |     1 ||    37
       Box of beasts     |       |       |       |       |     4 |     1 |       |     2 |     8 ||    15
  Use: Potion            |     2 |     5 |     4 |     3 |    12 |     6 |     5 |     3 |    13 ||    53
       Scroll            |       |       |     4 |    12 |    13 |    16 |    17 |    10 |    31 ||   103
 Stab: Sleeping          |     2 |     1 |     2 |     1 |     7 |     1 |       |       |       ||    14
       Invisible         |       |     2 |       |       |       |       |       |       |       ||     2
       Petrifying        |       |       |       |       |     1 |       |       |       |       ||     1
       Distracted        |       |       |       |       |     1 |     2 |       |       |     1 ||     4
       Held in net/web   |       |       |       |       |       |     1 |       |       |       ||     1
       Confused          |       |       |       |       |       |       |       |       |     1 ||     1
  Eat: Chunk             |       |     9 |    15 |    15 |    30 |    33 |    36 |    14 |    12 ||   164
       Bread ration      |       |       |     1 |     1 |     1 |     1 |       |     3 |     9 ||    16
       Meat ration       |       |       |       |       |     2 |     2 |     2 |     2 |     3 ||    11
       Royal jelly       |       |       |       |       |       |     1 |       |       |       ||     1
       Fruit             |       |       |       |       |       |       |       |       |     1 ||     1
Armor: Leather armour    |    23 |    18 |    26 |    32 |    78 |     2 |       |       |       ||   179
       Skin              |       |     4 |    39 |       |     9 |       |       |       |       ||    52
       Chain mail        |       |       |       |       |       |   220 |   149 |       |       ||   369
       Plate armour      |       |       |       |       |       |       |    78 |   428 |   571 ||  1077
Dodge: Dodged            |    90 |   126 |   241 |   369 |   530 |   355 |   458 |   464 |  1157 ||  3790
Block: Buckler           |       |       |       |    63 |   199 |    45 |       |       |       ||   307
       Shield            |       |       |       |       |       |  1065 |  1493 |  2166 |  2895 ||  7619
       Reflection        |       |       |       |       |       |   141 |   138 |    63 |   177 ||   519
       Rpst.: Scimitar   |       |       |       |       |     6 |     3 |     9 |    48 |   160 ||   226
